 Dungeon Crawl Stone Soup version 0.23-a0-386-g9c9d49f (webtiles) character file.

321 iamserjio the Conjurer (level 6, -7/41 HPs)
             Began as a Mummy Conjurer on Oct 28, 2018.
             Was an Initiate of Gozag.
             Killed by divine providence
             ... invoked by an orc priest
              (13 damage)
             ... on level 4 of the Dungeon.
             The game lasted 00:09:33 (4679 turns).

iamserjio the Conjurer (Mummy Conjurer)             Turns: 4679, Time: 00:09:34

Health: -7/41      AC:  4    Str: 12    XL:     6   Next: 22%
Magic:  0/13       EV: 12    Int: 16    God:    Gozag
Gold:   127        SH:  0    Dex: 12    Spells: 12/15 levels left

rFire    x . .     SeeInvis .   r - +0 dagger (venom)
rCold    + . .     Gourm    .   (no shield)
rNeg     + + +     Faith    .   a - +0 robe
rPois    ∞         Spirit   .   o - +0 helmet
rElec    .         Reflect  .   (no cloak)
rCorr    .         Harm     .   v - +0 pair of gloves
MR       +....                  (no boots)
Stlth    ++........             (no amulet)
HPRegen  0.13/turn              c - ring of protection from magic
MPRegen  0.13/turn              (no ring)

@: no status effects
A: no food or potions, fire vulnerability, cold resistance 1, negative energy
resistance 3, torment resistance, unbreathing
a: Potion Petition, Call Merchant, Bribe Branch, Renounce Religion


You were on level 4 of the Dungeon.
You worshipped Gozag.
Gozag was aware of your devotion.
You were not hungry.

You visited 2 branches of the dungeon, and saw 5 of its levels.

You collected 182 gold pieces.
You paid 55 gold pieces to Gozag.

Inventory:

Hand Weapons
 b - a +0 hunting sling
 d - a +0 short sword
 m - a -1 mace
 n - a +0 spear
 p - a +0 blowgun
 r - a +0 dagger of venom (weapon)
Missiles
 f - 80 stones (quivered)
 g - 5 needles of confusion
 k - 34 arrows
 q - 8 curare-tipped needles {!f}
 s - 17 sling bullets
Armour
 a - a +0 robe (worn)
 o - a +0 helmet (worn)
 v - a +0 pair of gloves (worn)
Jewellery
 c - a ring of protection from magic (left hand)
Scrolls
 e - 2 scrolls of identify {unknown}
 h - a scroll of teleportation {unknown}
 i - 2 scrolls of amnesia
 j - 6 scrolls of remove curse {@r2}
 l - a scroll of immolation {unknown}
 t - a scroll of blinking {unknown}
 u - a scroll of magic mapping {unknown}
 w - a scroll of fear {unknown}


   Skills:
 - Level 1.5 Dodging
 - Level 1.5 Stealth
 + Level 5.2 Spellcasting
 + Level 5.3 Conjurations


You had 12 spell levels left.
You knew the following spells:

 Your Spells              Type           Power        Failure   Level  Hunger
a - Magic Dart            Conj           ###.         1%          1    N/A
b - Searing Ray           Conj           ###...       2%          2    N/A

Your spell library contained the following spells:

 Spells                   Type           Power        Failure   Level  Hunger
 Dazzling Spray           Conj/Hex       ##....       14%         3    N/A
 Iskenderun's Mystic Bla  Conj           ###.....     16%         4    N/A
 Force Lance              Conj/Tloc      ##......     43%         4    N/A
 Fulminant Prism          Conj/Hex       ##........   43%         4    N/A

Dungeon Overview and Level Annotations

Branches:
Dungeon (4/15)             Temple (1/1) D:4

Altars:
Ashenzari
Dithmenos
Fedhas
Gozag
Makhleb
Qazlal
Vehumet
Wu Jian
Yredelemnul


Innate Abilities, Weirdness & Mutations

You do not eat or drink.
Your flesh is vulnerable to fire.
You are immune to poison.
Your flesh is cold resistant. (rC+)
You are immune to negative energy. (rN+++)
You are immune to unholy pain and torment.
You can survive without breathing.


Message History

The searing ray hits the orc priest.
The orc priest hits you with a +0 flail.
* * * LOW HITPOINT WARNING * * *
The searing ray hits the orc priest.
The searing ray hits the orc priest.
You finish channeling your searing ray.
The orc priest closely misses you.
You aren't carrying any items that you can evoke without wielding.
Unknown command.
Casting: Searing Ray (safe; 2% risk of failure)
Aiming: Searing Ray (safe; 2% risk of failure)
Aim: an orc priest, wielding a +0 flail and wearing a +0 chain mail (severely The searing ray misses the orc priest. (Press . to maintain the ray.)
The orc priest hits you with a +0 flail.
* * * LOW HITPOINT WARNING * * *
The searing ray misses the orc priest.
The orc priest calls down the wrath of Beogh upon you.
Beogh smites you!
You die...
Your body crumbles into a pile of gold.

###################.##
### #.# ###### #.# #.#
#....#########.####.##
.....'......#........#
.....#####.###.####.##
)....# #...........#
.....#########.##...##
#....'.........o@...#
#....##.######.#...##
......#.# #.#...#
#####.#.# #.#...#
...##.#.# #.#...#
#..##.#.# #.#...#
....#o#.# #.#...#
......#.# #o#...#
.#.####.# .......


You could see an orc priest.

Vanquished Creatures
  An ice beast (D:2)
  An ogre (D:4)
  An orc priest (D:4)
  Terence (D:2)
  4 adders
  2 worms
  2 dart slugs
  3 leopard geckos
  An orc (D:3)
  A giant cockroach (D:2)
  2 gnoll zombies (D:2)
  5 goblins
  3 hobgoblins
  4 jackals
  4 kobolds
  2 quokkas (D:3)
  A ball python (D:2)
  2 bats (D:3)
  3 frilled lizards
  3 rats
46 creatures vanquished.

Notes
Turn   | Place    | Note
-------+----------+-------------------------------------------
     0 | D:1      | iamserjio the Mummy Conjurer began the quest for the Orb.
     0 | D:1      | Reached XP level 1. HP: 13/13 MP: 4/4
   449 | D:1      | Reached XP level 2. HP: 19/19 MP: 1/6
  1119 | D:2      | Learned a level 2 spell: Searing Ray
  1212 | D:2      | Found a blossoming altar of Fedhas.
  1452 | D:2      | Found a basalt altar of Yredelemnul.
  1484 | D:2      | Noticed Terence
  1729 | D:2      | Noticed an ice beast
  2005 | D:1      | Reached XP level 3. HP: 17/24 MP: 1/7
  2362 | D:2      | Killed an ice beast
  2362 | D:2      | Reached XP level 4. HP: 12/30 MP: 1/10
  2362 | D:2      | Reached XP level 5. HP: 14/35 MP: 1/11
  2700 | D:2      | Found a blossoming altar of Fedhas.
  2773 | D:2      | Killed Terence
  2857 | D:2      | Found a basalt altar of Yredelemnul.
  3500 | D:3      | Reached skill level 5 in Conjurations
  4063 | D:4      | Noticed an ogre
  4072 | D:4      | Killed an ogre
  4072 | D:4      | Reached skill level 5 in Spellcasting
  4072 | D:4      | Reached XP level 6. HP: 17/41 MP: 1/13
  4308 | D:4      | Found a staircase to the Ecumenical Temple.
  4317 | Temple   | Entered the Ecumenical Temple
  4336 | Temple   | Became a worshipper of Gozag Ym Sagoz the Greedy
  4679 | D:4      | Killed from afar by an orc priest

Vault maps used:
D:1:      sevenhm_arrival_forest_fort_small_4
D:2:      lemuel_zombie_altar_yredelemnul, old_standard_altar, uniq_terence
D:4:      minmay_temple_entry_large_hall, first_ration,
          kennysheep_decorative_pillar
Temple:   eino_temple_water

Skill      XL: |  1  2  3  4  5 |
---------------+----------------+-----
Spellcasting   | 3 4 5 |  5.2
Conjurations   | 4 5 |  5.3
Dodging        | |  1.5
Stealth        | |  1.5

Action                   |  1- 3 |  4- 6 || total
-------------------------+-------+-------++-------
Melee: Unarmed           |     6 |       ||     6
       Short sword       |    12 |       ||    12
       Dagger            |       |    28 ||    28
 Cast: Magic Dart        |    61 |    39 ||   100
       Searing Ray       |     4 |     7 ||    11
  Use: Scroll            |     1 |     1 ||     2
 Stab: Sleeping          |       |     1 ||     1
Armor: Robe              |     6 |     2 ||     8
Dodge: Dodged            |    28 |    23 ||    51

Table legend:
 A = Non-vault XP
 B = Vault XP
 C = Vault XP percentage of total XP
 D = Non-vault monster count
 E = Vault monster count
 F = Vault count percentage of total count
                 A         B        C        D         E       F
            +---------+---------+-------+---------+---------+-------
      Total |     419 |      40 |   8.7 |      43 |       3 |   6.5
            +---------+---------+-------+---------+---------+-------
        D:1 |      31 |       0 |   0.0 |      10 |       0 |   0.0
        D:2 |     168 |      40 |  19.2 |      11 |       3 |  21.4
        D:3 |      33 |       0 |   0.0 |      16 |       0 |   0.0
        D:4 |     187 |       0 |   0.0 |       6 |       0 |   0.0
            +---------+---------+-------+---------+---------+-------
